 Dungeon Crawl Stone Soup version 0.19.0-2-gae57169 (webtiles) character file.

50 FireInc the Twirler (level 3, -3/32 HPs)
             Began as a Naga Gladiator on Nov 2, 2016.
             Slain by a gnoll
             ... wielding a +0 flail
              (9 damage)
             ... on level 2 of the Dungeon.
             The game lasted 00:07:58 (895 turns).

FireInc the Twirler (Naga Gladiator)                 Turns: 895, Time: 00:07:58

Health: -3/32      AC:  3    Str: 17    XL:     3   Next: 79%
Magic:  3/3        EV: 10    Int:  8    God:
Gold:   41         SH:  0    Dex: 12    Spells: 0 memorised, 2 levels left

rFire  . . .     SeeInvis +     a - +0 quarterstaff
rCold  . . .     Gourm    .     g - +0 leather armour
rNeg   . . .     Faith    .     (shield currently unavailable)
rPois  +         Spirit   .     c - +0 helmet
rElec  .         Reflect  .     (no cloak)
rCorr  .         Harm     .     (no gloves)
MR     .....                    (no barding)
Stlth  +.........               (no amulet)
                                (no ring)
                                (no ring)

@: short of breath, very slow
A: see invisible, deformed body, poison resistance, slowness 2, slow metabolism
1, spit poison 1, AC +1
a: Spit Poison


You were on level 2 of the Dungeon.
You were not hungry.

You visited 1 branch of the dungeon, and saw 2 of its levels.

You collected 41 gold pieces.

Inventory:

Hand Weapons
 a - a +0 quarterstaff (weapon)
 b - a +0 hunting sling
Missiles
 d - 3 throwing nets
 k - 47 stones (quivered)
Armour
 c - a +0 helmet (worn)
 g - a +0 leather armour (worn)
Potions
 h - a potion of brilliance {unknown}
 j - a potion of degeneration {unknown}
Comestibles
 f - 2 bread rations
 i - a meat ration


   Skills:
 - Level 2.0 Fighting
 + Level 3.5 Staves
 + Level 1.2(1.7) Slings
 - Level 1.7(2.0) Throwing
 + Level 1.5 Armour
 - Level 2.4 Dodging


You had 2 spell levels left.
You didn't know any spells.

Dungeon Overview and Level Annotations

Branches:
Dungeon (2/15)

Altars:


Innate Abilities, Weirdness & Mutations

You cannot wear boots.
Your serpentine skin is tough. (AC +1)
You have supernaturally acute eyesight. (SInv)
Armour fits poorly on your strangely shaped body.
Your system is resistant to poisons. (rPois)
You cover ground very slowly.
You have a slow metabolism.
You can spit poison.


Message History

It was a potion of heal wounds.
You feel much better.
The gnoll hits you from afar with a spear.
The gnoll closely misses you.
You hit the gnoll.
The gnoll is lightly wounded.
The gnoll hits you from afar with a spear!
The gnoll misses you.
You hit the gnoll.
The gnoll is moderately wounded.
The gnoll hits you from afar with a spear!
* * * LOW HITPOINT WARNING * * *
The gnoll barely misses you.
Press: ? - help, Shift-Dir - straight line, f/p - gnoll
Aim: a gnoll, wielding a spear (inner flame)
The splash of poison hits the gnoll.
The gnoll is poisoned.
The gnoll is heavily wounded.
You feel slightly more hungry. The gnoll barely misses you.
The teleport trap disappears.
The bat disappears!
The gnoll closely misses you. The gnoll hits you with a flail!
You die...

. #. .......## ### #..
......... ... #.# .........
#. #.# #........
#.########........
#.#......+....(... #.
#.......##.(...... ...
#......@gg........
..########.......##########
##...........#....#........
#.#.....ยง.....)#.........#
##.#........#.#.###.#####.
............#.#.....#
###.........#.####### #
#.........+.# ###.........#


You could see 2 gnolls.

Vanquished Creatures
  A gnoll (D:2)
  2 adders (D:2)
  A dart slug (D:1)
  A leopard gecko (D:1)
  2 giant cockroaches
  2 jackals (D:1)
  A ball python (D:1)
  3 bats (D:1)
  7 frilled lizards
  A goblin (D:1)
  3 kobolds (D:1)
  A rat (D:1)
25 creatures vanquished.

Notes
Turn   | Place    | Note
-------+----------+-------------------------------------------
     0 | D:1      | FireInc the Naga Gladiator began the quest for the Orb.
     0 | D:1      | Reached XP level 1. HP: 19/19 MP: 1/1
   100 | D:1      | Reached XP level 2. HP: 26/26 MP: 2/2
   265 | D:1      | Reached skill level 1 in Armour
   668 | D:2      | Reached skill level 1 in Slings
   668 | D:2      | Reached XP level 3. HP: 32/32 MP: 3/3
   895 | D:2      | Slain by a gnoll

Skill      XL: |  1  2 |
---------------+-------+-----
Armour         | 1 |  1.5
Slings         | 1 |  1.2
Fighting       | |  2.0
Staves         | |  3.5
Throwing       | |  1.7
Dodging        | |  2.4

Action                   || total
-------------------------++-------
Melee: Quarterstaff      ||    22
 Fire: Hunting sling     ||    24
Throw: Stone             ||     3
 Abil: Spit Poison       ||    14
  Use: Scroll            ||     4
       Potion            ||     1
Armor: Leather armour    ||     7
Dodge: Dodged            ||    33
